 Dungeon Crawl Stone Soup version 0.20.1-1-g8b1a95d (webtiles) character file.

166 Kingsmith the Magician (level 5, -8/31 HPs)
             Began as an Octopode Venom Mage on Dec 10, 2017.
             Mangled by a gnoll
             ... wielding a +0 flail
              (11 damage)
             ... on level 3 of the Dungeon.
             The game lasted 00:05:24 (2027 turns).

Kingsmith the Magician (Octopode Venom Mage)        Turns: 2027, Time: 00:05:25

Health: -8/31      AC:  1    Str:  8    XL:     5   Next: 47%
Magic:  3/12       EV: 13    Int: 18    God:
Gold:   177        SH:  0    Dex: 12    Spells: 4/14 levels left

rFire    . . .     SeeInvis .   n - +0 dagger (speed)
rCold    + . .     Gourm    +   (no shield)
rNeg     + . .     Faith    .   (helmet restricted)
rPois    x         Spirit   .   l - amulet of the gourmand
rElec    .         Reflect  .   i - ring of protection from cold
rCorr    .         Harm     .   o - ring of positive energy
MR       .....                  (no ring)
Stlth    +++.......             (no ring)
Regen    0.1/turn               (no ring)
MPRegen  0.2/turn               (no ring)
                                (no ring)
                                (no ring)

@: poison vulnerable, very slightly contaminated
A: almost no armour, stealthy swim, amphibious, 8 rings, constrict 8, camouflage
1, gelatinous body 1
a: no special abilities


You were on level 3 of the Dungeon.
You were full.

You visited 1 branch of the dungeon, and saw 3 of its levels.

You collected 177 gold pieces.

Inventory:

Hand Weapons
 n - a +0 dagger of speed (weapon)
Jewellery
 i - a ring of protection from cold (left tentacle)
 l - an amulet of the gourmand (around mantle)
 o - a ring of positive energy (right tentacle)
Scrolls
 d - a scroll of fog {unknown}
 e - 2 scrolls of amnesia {unknown}
 f - 4 scrolls of identify {unknown}
 k - a scroll of teleportation {unknown}
Potions
 c - a potion of cancellation {unknown}
 g - a potion of agility {unknown}
 h - 2 potions of resistance
 m - a potion of curing {unknown}
Books
 a - a Young Poisoner's Handbook

   Spells                             Type                      Level
   a - Sting                          Conjuration/Poison           1
   b - Poisonous Vapours              Poison/Air                   2
   c - Mephitic Cloud                 Conjuration/Poison/Air       3
   d - Olgreb's Toxic Radiance        Poison                       4
   e - Venom Bolt                     Conjuration/Poison           5
Comestibles
 b - 2 bread rations
 j - 4 fruits


   Skills:
 - Level 2.0 Dodging
 - Level 2.6 Stealth
 + Level 5.1 Spellcasting
 - Level 1.0 Conjurations
 - Level 3.6 Poison Magic


You had 4 spell levels left.
You knew the following spells:

 Your Spells              Type           Power        Failure   Level  Hunger
a - Sting                 Conj/Pois      ##..         4%          1    None
b - Poisonous Vapours     Pois/Air       ##....       10%         2    #......
c - Mephitic Cloud        Conj/Pois/Air  ##......     21%         3    ##.....
d - Olgreb's Toxic Radia  Pois           ###.....     28%         4    ####...


Dungeon Overview and Level Annotations

Branches:
Dungeon (3/15)

Altars:


Innate Abilities, Weirdness & Mutations

You cannot wear most types of armour.
You are very stealthy in the water. (Stealth+)
You are amphibious.
You can wear up to eight rings at the same time.
You can use your tentacles to constrict eight enemies at once.
Your skin changes colour to match your surroundings (Stealth+).
Your rubbery body absorbs attacks. (AC +1, EV +1)


Message History

An orc comes into view. It is wielding a dagger.
The orc shouts!
You hit the gnoll.
You kill the gnoll! 2 orcs come into view.
The orc moves out of view. x2
An orc comes into view.
Things that are here:
a leather armour; a goblin skeleton The gnoll hits you from afar with a spear!
The gnoll hits you from afar with a spear.
The gnoll hits you from afar with a spear!
Casting: Poisonous Vapours
Confirm with . or Enter, or press ? or * to list all spells.
Okay, then.
You open the door.
The gnoll hits you from afar with a spear!
* * * LOW HITPOINT WARNING * * *
The gnoll hits you with a flail!
You die...

#...... #......
.##.....####.g.
..........gg.... ######
#..#g####.... #....#
#............ #....#
#.##.###########...#
#.........##.......# ##.
###.........'@.o[....#....
#...........##g......'..o...
......[......##.g....o#....##
##....####.).##.......######
+....)..)..........###
#....############### #....
#..


You could see 2 gnolls and 2 orcs.

Vanquished Creatures
  Robin (D:2)
  5 gnolls (D:3)
  3 adders (D:2)
  2 oozes
  2 worms (D:2)
  4 dart slugs
  2 leopard geckos
  5 bats
  2 giant cockroaches (D:1)
  15 goblins
  8 hobgoblins
  2 frilled lizards (D:1)
  6 kobolds
  4 rats
61 creatures vanquished.

Notes
Turn   | Place    | Note
-------+----------+-------------------------------------------
     0 | D:1      | Kingsmith the Octopode Venom Mage began the quest for the Orb.
     0 | D:1      | Reached XP level 1. HP: 11/11 MP: 3/3
   204 | D:1      | Reached XP level 2. HP: 12/17 MP: 1/5
   209 | D:1      | Learned a level 2 spell: Poisonous Vapours
   387 | D:1      | Reached skill level 3 in Spellcasting
   703 | D:1      | Reached XP level 3. HP: 20/21 MP: 7/7
   925 | D:1      | Learned a level 3 spell: Mephitic Cloud
  1271 | D:2      | Reached XP level 4. HP: 27/27 MP: 4/9
  1279 | D:2      | Reached skill level 4 in Spellcasting
  1285 | D:2      | Learned a level 4 spell: Olgreb's Toxic Radiance
  1378 | D:2      | Noticed Robin
  1386 | D:2      | Killed Robin
  1920 | D:3      | Reached XP level 5. HP: 31/31 MP: 11/11
  1958 | D:3      | Reached skill level 5 in Spellcasting
  2027 | D:3      | Mangled by a gnoll

Skill      XL: |  1  2  3  4  5 |
---------------+----------------+-----
Spellcasting   | 3 4 5 |  5.1
Dodging        | |  2.0
Stealth        | |  2.6
Conjurations   | |  1.0
Poison Magic   | |  3.6

Action                   |  1- 3 |  4- 6 || total
-------------------------+-------+-------++-------
Melee: Unarmed           |    47 |       ||    47
       Tentacles         |    14 |     4 ||    18
       Constrict         |    19 |     9 ||    28
       Short sword       |    25 |    10 ||    35
       Dagger            |       |    19 ||    19
 Cast: Sting             |     9 |       ||     9
       Poisonous Vapours |     4 |     4 ||     8
       Olgreb's Toxic Ra |       |     2 ||     2
 Stab: Sleeping          |    11 |     3 ||    14
  Eat: Chunk             |     1 |    11 ||    12
Armor: Skin              |     8 |     2 ||    10
Dodge: Dodged            |    46 |    13 ||    59
